AoeStats
← Ouki-San

Nomad

505923549Analyzed
4v4 RM · 22d ago on Sep 11, 2026· 17m 29s· 8 players
Game mode
Random Map
Map size
231×231
Population
200
Speed
Normal
Resources
Standard
Victory
Conquest
Starting age
Dark Age
Ending age
Imperial Age
RankedLock teamsTeams togetherTeam positionsShared explorationLock speedFull tech treeHidden civsTurbo modeCheats
Victory
Defeat
🇹🇷 Magyars · Türkiye
1260
+16
🇨🇿 Huns · Czechia
1240
+17
🇩🇪 Bohemians · Germany
1225
+17
1204
+18
🇦🇷 Dravidians · Argentina
1302
-19
🇫🇷 Persians · France
1286
-18
🇫🇷 Mongols · France
1261
-17
🇺🇸 Britons · United States
1183
-14
Dipsy
6:41 Loom
13:55 Feudal Age
18:53 Castle Age
17:21 Double-Bit Axe
Si me criticas te fedeo
3:08 Loom
15:26 Feudal Age
16:13 Double-Bit Axe
17:05 Wheelbarrow
16:15 Town Watch
16:24 Gold Mining
16:49 Fishing Lines
The Uncle
13:44 Feudal Age
13:50 Loom
18:44 Castle Age
16:37 Double-Bit Axe
17:19 Fishing Lines
NoYc..
10:26 Loom
13:56 Feudal Age
H3adak3
4:54 Loom
12:48 Feudal Age
Sahraoui
4:39 Loom
14:20 Feudal Age
18:43 Castle Age
Ouki-San
10:31 Loom
16:15 Feudal Age
M-A
3:10 Loom
13:26 Feudal Age
14:17 Double-Bit Axe
14:15 Fishing Lines
16:55 Stone Mining
17:28 Gold Mining
19:55 Castle Age
Connection lost

Rejoining the realm…

Still unreachable

The connection could not be restored.

Session expired

The server has moved on; the page needs a fresh start.